 Dungeon Crawl Stone Soup version 0.27.1-33-g824d729ab1 (webtiles) character file.

Game seed: 5217494174850155044

523 SensoryNuts the Shield-Bearer (level 7, -1/55 HPs)
             Began as a Demonspawn Fighter on Dec 6, 2021.
             Was a Follower of Yredelemnul.
             Slain by Powertoast's ghost (4 damage)
             ... on level 4 of the Dungeon.
             The game lasted 00:08:58 (5030 turns).

SensoryNuts the Shield-Bearer (Demonspawn Fighter)  Turns: 5030, Time: 00:08:58

Health: -1/55      AC: 15    Str: 16 (18) XL:     7   Next: 2%
Magic:  7/7        EV:  7    Int:  7 (10) God:    Yredelemnul [*.....]
Gold:   139        SH:  9    Dex: 11 (12) Spells: 6/6 levels left

rFire    . . .     SeeInvis .   a - +0 trident
rCold    . . .     Faith    .   c - +0 kite shield
rNeg     . . .     Spirit   .   b - +1 scale mail
rPois    .         Reflect  .   g - +2 hat
rElec    .         Harm     .   (no cloak)
rCorr    .         Rampage  .   (no gloves)
Will     .....                  (no boots)
Stlth    ..........             (no amulet)
HPRegen  0.18/turn              e - +4 ring of protection
MPRegen  0.10/turn              (no ring)

@: no status effects
A: talons 2, rugged brown scales 1
a: Renounce Religion, Animate Remains


You were on level 4 of the Dungeon.
You worshipped Yredelemnul.
Yredelemnul was aware of your devotion.
You visited 1 branch of the dungeon, and saw 4 of its levels.

You collected 139 gold pieces.

Inventory:

Hand Weapons
 a - a +0 trident (weapon)
 d - a +0 dagger
 h - a +0 club
 o - a +0 flail
 q - a +0 flail
 s - a +0 club
 t - a +0 dagger
 u - a +0 dagger
 y - a +0 hand crossbow
 A - a +0 flail
 B - a +0 flail
 F - a +0 mace
 G - a +0 hand axe
 I - a +0 flail
 L - a +0 short sword
 O - a +0 falchion
 P - a +0 falchion
 R - a +0 whip
Missiles
 M - 18 bolts
Armour
 b - a +1 scale mail (worn)
 c - a +0 kite shield (worn)
 g - a +2 hat (worn)
 k - a +2 robe of fire resistance
 m - a +0 helmet
 p - a +0 leather armour
 r - a +0 scale mail
 v - a +0 leather armour
 w - a +0 robe
 x - a +0 robe
 C - a +0 leather armour
 D - a +0 robe
 E - a +0 scale mail
 H - a +0 ring mail
 J - a +0 ring mail
 Q - a +0 pair of gloves
Jewellery
 e - a +4 ring of protection (left hand)
Wands
 f - a wand of charming (6)
 T - a wand of polymorph (9)
Scrolls
 i - 2 scrolls of identify
 n - 2 scrolls of blinking
 S - 2 scrolls of amnesia
Potions
 j - a potion of attraction
 N - a potion of invisibility


   Skills:
 + Level 4.1 Fighting
 + Level 4.0 Polearms
 + Level 4.0 Armour
 + Level 1.7 Dodging
 + Level 0.8 Stealth
 + Level 4.1 Shields


You had 6 spell levels left.
You didn't know any spells.
Your spell library was empty.

Dungeon Overview and Level Annotations

Branches:
Dungeon (4/15)
 Temple: D:4-7

Altars:
Yredelemnul

Shops:
D:3 (

Annotations:
D:4 Powertoast's ghost, amateur TrTm


Innate Abilities, Weirdness & Mutations

You have razor-sharp toenails.
You are partially covered in rugged brown scales. (AC +1, +3% HP)


Message History

Powertoast's ghost hits you but does no damage.
You closely miss Powertoast's ghost.
Powertoast's ghost is heavily damaged.
Powertoast's ghost hits you but does no damage.
You hit Powertoast's ghost but do no damage.
Powertoast's ghost is heavily damaged.
Powertoast's ghost hits you! x2
You hit Powertoast's ghost. Your kick misses Powertoast's ghost.
Powertoast's ghost is heavily damaged.
You block Powertoast's ghost's attack.
You puncture Powertoast's ghost! You claw Powertoast's ghost.
Powertoast's ghost is almost destroyed.
Powertoast's ghost completely misses you.
You hit Powertoast's ghost but do no damage.
Powertoast's ghost is almost destroyed.
Powertoast's ghost hits you but does no damage.
Powertoast's ghost says, "I break bones and crack skulls... with my bare hands."
Powertoast's ghost barely misses you.
You closely miss Powertoast's ghost.
You claw Powertoast's ghost, but do no damage.
Powertoast's ghost is severely damaged.
You block Powertoast's ghost's attack.
Your scale mail prevents you from hitting Powertoast's ghost.
Powertoast's ghost is severely damaged.
Powertoast's ghost hits you!
* * * LOW HITPOINT WARNING * * *
You hit Powertoast's ghost.
Powertoast's ghost is almost destroyed.
Powertoast's ghost hits you.
* * * LOW HITPOINT WARNING * * *
Powertoast's ghost hits you!
* * * LOW HITPOINT WARNING * * *
You feel better. Powertoast's ghost hits you!
* * * LOW HITPOINT WARNING * * *
You barely miss Powertoast's ghost.
You claw Powertoast's ghost, but do no damage.
Powertoast's ghost is almost destroyed.
Powertoast's ghost hits you.
You die...
Your body rises from the dead as a mindless zombie.

#######...###...###.........# #
........###..=....##..#.###.#####
#####..##....###...#..#.##.......
#..#....##.##..#..#..#..#####
#..#...##...#..#..##.#..#
#..'...#$...#.##..##.#..#
#..'...#).=...#.........#
#..'...##.....#..###.#.##
#####..#....#..W@.##.# #.#.#
.......#....##.....#.# #.#.#
######.##....###...#.# #.#.# #
#..##........##.###.#.######
######...###......#....#.#.......
#..........#####.##.##.#.########
#.####.........###.......# ######
..# #.#######..........## #.....
### #.# #.####.....# ##.####


You could see Powertoast's ghost.

Vanquished Creatures
  A steam dragon (D:4)
  A kobold brigand (D:3)
  An orc priest (D:3)
  A centaur skeleton (D:4)
  An iguana (D:4)
  3 orc wizards (D:3)
  A hound skeleton (D:4)
  5 adders
  2 white imps (D:4)
  An ufetubus (D:4)
  An adder skeleton (D:4)
  A worm (D:3)
  A dart slug (D:1)
  3 adder simulacra (D:4)
  6 orcs (D:3)
  7 endoplasms
  3 giant cockroaches
  4 goblins
  7 hobgoblins
  4 jackals (D:1)
  5 quokkas
  7 ball pythons
  4 bats
  5 frilled lizards
  6 kobolds
  6 rats
87 creatures vanquished.

Notes
Turn   | Place    | Note
-------+----------+-------------------------------------------
     0 | D:1      | SensoryNuts the Demonspawn Fighter began the quest for the
                  | Orb.
     0 | D:1      | Reached XP level 1. HP: 18/18 MP: 1/1
   216 | D:1      | Gained mutation: You are partially covered in rugged brown
                  | scales. (AC +1, +3% HP) [demonic ancestry]
   216 | D:1      | Reached XP level 2. HP: 18/24 MP: 2/2
  1202 | D:2      | Reached XP level 3. HP: 16/29 MP: 3/3
  1216 | D:2      | HP: 1/29 [frozen (4)]
  1986 | D:2      | Gained mutation: You have sharp toenails. [demonic
                  | ancestry]
  1986 | D:2      | Reached XP level 4. HP: 36/36 MP: 4/4
  2446 | D:3      | Reached skill level 1 in Dodging
  2772 | D:3      | Reached XP level 5. HP: 42/42 MP: 5/5
  2781 | D:3      | HP: 2/42 [orc priest (8)]
  3514 | D:3      | Found Dukyro's Antique Weapon Boutique.
  3560 | D:3      | Reached XP level 6. HP: 28/48 MP: 6/6
  3601 | D:3      | Found a faded altar of an unknown god.
  3613 | D:3      | Became a worshipper of Yredelemnul the Dark
  3613 | D:3      | Reached * piety under Yredelemnul
  4010 | D:4      | Noticed Powertoast's ghost (amateur TrTm)
  4043 | D:4      | Found a runed translucent gate.
  4043 | D:4      | Found a runed translucent gate.
  4043 | D:4      | Found a runed translucent gate.
  4186 | D:4      | Noticed a steam dragon
  4196 | D:4      | Killed a steam dragon
  4977 | D:4      | Gained mutation: You have razor-sharp toenails. [demonic
                  | ancestry]
  4977 | D:4      | Reached XP level 7. HP: 55/55 MP: 7/7
  5030 | D:4      | Slain by Powertoast's ghost

Illustrated notes

Levels and vault maps discovered:
D:1:      psy_arrival_statuary, layout_loops_corners, chequers_avenue
D:2:      layout_loops_ring
D:3:      layout_basic, serial_shops, shop,
          hellmonk_ecumenical_altar_arch_garden
D:4:      layout_loops_ring, gammafunk_ghost_icy

Skill      XL: |  1  2  3  4  5  6 |
---------------+-------------------+-----
Shields        | 3 4 |  4.1
Polearms       | 2 3 4 |  4.0
Armour         | 3 4 |  4.0
Dodging        | 1 |  1.7
Fighting       | 4 |  4.1
Stealth        | |  0.8

Action                   |  1- 3 |  4- 6 |  7- 9 || total
-------------------------+-------+-------+-------++-------
Melee: Trident           |   129 |   167 |    27 ||   323
       Kick              |       |    29 |    10 ||    39
  Use: Potion            |     2 |     5 |     4 ||    11
       Scroll            |       |     3 |       ||     3
Armor: Scale mail        |    81 |   127 |    23 ||   231
Dodge: Dodged            |    61 |    60 |     5 ||   126
Block: Kite shield       |   104 |    91 |     9 ||   204
